 Dungeon Crawl Stone Soup version 0.30-a0-364-gf6b3ef1049 (webtiles) character file.

Game seed: 10161192308268146511

96 sleeves the Slasher (level 4, -3/35 HPs)
             Began as a Demonspawn Monk on Nov 14, 2022.
             Slain by Grinder (5 damage)
             ... on level 3 of the Dungeon.
             The game lasted 00:02:24 (2276 turns).

sleeves the Slasher (Demonspawn Monk)               Turns: 2276, Time: 00:02:25

Health: -3/35      AC:  6    Str: 11    XL:     4   Next: 41%
Magic:  4/4        EV: 11    Int: 12    God:
Gold:   131        SH:  0    Dex: 17    Spells: 3/3 levels left

rFire   . . .      SeeInvis .    a - +0 falchion
rCold   . . .      Faith    .    (no shield)
rNeg    . . .      Spirit   .    e - +0 ring mail
rPois   .          Reflect  .    (helmet restricted)
rElec   .          Harm     .    (no cloak)
rCorr   .          Rampage  .    q - +0 pair of gloves
Will    .....                    (no boots)
Stlth   +.........               (no amulet)
HPRegen 0.25/turn                (no ring)
MPRegen 0.09/turn                (no ring)

@: no status effects
A: antennae 1, spiny 1
a: no special abilities


You were on level 3 of the Dungeon.
You visited 1 branch of the dungeon, and saw 3 of its levels.

You collected 131 gold pieces.

Inventory:

Hand Weapons
 a - a +0 falchion (weapon)
Armour
 e - a +0 ring mail (worn)
   (You found it on level 1 of the Dungeon)
 q - a +0 pair of gloves (worn)
   (You found it on level 3 of the Dungeon)
Scrolls
 b - a scroll of enchant armour {unknown}
 d - a scroll of poison {unknown}
 g - a scroll of summoning {unknown}
 h - 3 scrolls of identify {unknown}
 m - 2 scrolls of noise {unknown}
 n - a scroll of brand weapon {unknown}
 p - a scroll of teleportation {unknown}
Potions
 c - a potion of ambrosia
 f - a potion of degeneration {unknown}
 i - a potion of resistance {unknown}
 j - a potion of magic {unknown}
 k - a potion of curing {unknown}
 l - a potion of heal wounds {unknown}
 o - a potion of haste {unknown}


   Skills:
 - Level 3.0 Fighting
 + Level 4.8 Long Blades
 - Level 2.6 Dodging
 - Level 1.7 Stealth


You had 3 spell levels left.
You didn't know any spells.
Your spell library contained the following spells:

 Spells                   Type           Power      Damage    Failure   Level
 Beastly Appendage        Tmut           0%         N/A       63%         1
 Static Discharge         Conj/Air       0%         2-2/arc   77%         2
 Wereblood                Tmut           0%         N/A       77%         2
 Spider Form              Tmut/Pois      0%         N/A       94%         3
 Vhi's Electric Charge    Tloc/Air       0%         N/A       94%         3
 Arcjolt                  Conj/Air       0%         1d10      100%        5
 Lightning Bolt           Conj/Air       0%         1d11      100%        5


Dungeon Overview and Level Annotations

Branches:
Dungeon (3/15)

Altars:

Shops:
D:1 *

Annotations:
D:3 Grinder


Innate Abilities, Weirdness & Mutations

You have a pair of small antennae on your head.
You are partially covered in sharp spines.


Message History

You slash the hobgoblin!
You kill the hobgoblin!
No target in view!
No target in view!
No target in view!
No target in view!
No target in view!
No target in view!
No target in view!
No target in view!
You now have 11 gold pieces.
You see here a hobgoblin corpse.
f - a coppery potion A goblin comes into view.
It is wielding a +0 dagger.
The goblin shouts!
A goblin is nearby!
The goblin hits you but does no damage.
You slash the goblin!
You kill the goblin!
No target in view!
No target in view!
No target in view!
No target in view!
No target in view!
No target in view!
No target in view!
No target in view!
A bat comes into view.
A bat is nearby!
A bat is nearby!
The bat hits you but does no damage.
You hit the bat.
You kill the bat!
No target in view!
No target in view!
No target in view!
No target in view!
No target in view!
No target in view!
No target in view!
No target in view!
No target in view!
No target in view!
You see here a bat corpse.
Found a halberd.
You see here a +0 halberd.
You pick up a book of Lightning and begin reading...
You add the spells Static Discharge, Vhi's Electric Charge, Lightning Bolt and Arcjolt to your library.
A bat comes into view.
You see here 10 gold pieces.
The bat barely misses you.
You miss the bat. The bat barely misses you.
The bat hits you but does no damage. x2
A bat is nearby!
A bat is nearby!
You hit the bat.
The bat is severely wounded.
The bat closely misses you. The bat hits you but does no damage.
The bat closely misses you. x2
You barely miss the bat.
The bat is severely wounded.
The bat hits you but does no damage. x2
Found 7 gold pieces.
The bat barely misses you.
You see here a scroll labelled URIAZOW JIESCHO.
You closely miss the bat.
The bat is severely wounded.
The bat hits you but does no damage.
You hit the bat.
You kill the bat!
No target in view!
No target in view!
g - a scroll labelled URIAZOW JIESCHO
Found a stone staircase leading down.
No target in view!
No target in view!
No target in view!
No target in view!
No target in view!
No target in view!
No target in view!
No target in view!
No target in view!
You now have 18 gold pieces (gained 7).
You now have 28 gold pieces (gained 10).
Found a stone staircase leading down.
There is a stone staircase leading down here.
Found a stone staircase leading down.
A quokka comes into view.
The quokka closely misses you.
You hit the quokka.
The quokka is lightly wounded.
The quokka bites you.
You closely miss the quokka.
The quokka is lightly wounded.
The quokka bites you.
You closely miss the quokka.
The quokka is lightly wounded.
The quokka misses you.
The quokka bites you but does no damage.
You hit the quokka.
The quokka is heavily wounded.
The quokka bites you but does no damage.
You hit the quokka.
The quokka is severely wounded.
The quokka closely misses you. The quokka bites you.
You hit the quokka.
You kill the quokka!
No target in view!
No target in view!
No target in view!
No target in view!
There is a stone staircase leading down, spattered with blood here.
A rat is nearby!
A rat is nearby!
Okay, then.
The rat misses you.
You hit the rat but do no damage. The rat bites you but does no damage.
You hit the rat but do no damage. The rat barely misses you.
You barely miss the rat. The rat bites you but does no damage.
You barely miss the rat. The rat closely misses you.
You hit the rat but do no damage. The rat misses you.
You closely miss the rat. The rat barely misses you. x2
You barely miss the rat. The rat barely misses you.
You hit the rat but do no damage. The rat bites you.
You closely miss the rat. The rat closely misses you.
A rat is nearby!
A rat is nearby!
A rat is nearby!
You barely miss the rat. The rat bites you.
You slash the rat!
You kill the rat!
No target in view!
No target in view!
No target in view!
No target in view!
No target in view!
No target in view!
A dart slug comes into view.
A dart slug is nearby!
A dart slug is nearby!
The dart slug launches a dart at you. The slug dart misses you.
You slash the dart slug!
The dart slug is almost dead.
You hit the dart slug.
You kill the dart slug!
No target in view!
No target in view!
No target in view!
No target in view!
No target in view!
No target in view!
No target in view!
No target in view!
You see here a dart slug corpse.
A frilled lizard comes into view.
A frilled lizard is nearby!
A frilled lizard is nearby!
You hit the frilled lizard but do no damage.
The frilled lizard bites you.
You slash the frilled lizard!
You kill the frilled lizard!
No target in view!
No target in view!
No target in view!
No target in view!
No target in view!
No target in view!
No target in view!
No target in view!
No target in view!
You see here a frilled lizard corpse.
A frilled lizard comes into view.
A frilled lizard is nearby!
A frilled lizard is nearby!
Okay, then.
A frilled lizard is nearby!
The frilled lizard hisses angrily.
You slash the frilled lizard!
You kill the frilled lizard!
No target in view!
No target in view!
No target in view!
No target in view!
No target in view!
No target in view!
No target in view!
You see here a frilled lizard corpse.
Found 4 stones.
You see here 4 stones.
h - a scroll labelled KOKAER VUANUU Done exploring.
No target in view!
No target in view!
No target in view!
No target in view!
No target in view!
No target in view!
No target in view!
No target in view!
Done exploring.
Done exploring.
Done exploring.
Done exploring.
(D) Dungeon
Where to? (? - help)
You see here a +0 quarterstaff.
There is a stone staircase leading down, spattered with blood here.
You climb downwards.
The goblin shouts!
The adder hisses angrily.
The goblin shouts!
You hear a shout! x7
Found four items.
There is a stone staircase leading up here.
There are monsters nearby!
There are monsters nearby!
There are monsters nearby!
You hear a shout! x2
You barely miss the adder. The adder bites you but does no damage.
The adder closely misses you. The adder bites you.
The goblin barely misses you.
You climb upwards.
There is a stone staircase leading down, spattered with blood here.
You closely miss the adder. The adder barely misses you.
The goblin barely misses you.
You closely miss the adder. The adder barely misses you.
The goblin hits you with a +0 club. The adder misses you.
You slash the adder!
The adder is almost dead.
The adder barely misses you. The goblin hits you but does no damage.
You miss the adder.
The adder is almost dead.
The adder bites you but does no damage. The goblin barely misses you.
The adder misses you.
You barely miss the adder.
The adder is almost dead.
The goblin hits you with a +0 club. The adder closely misses you.
You hit the adder.
You kill the adder!
The goblin misses you.
You have reached level 3!
Your experience leads to an increase in your attributes!
Increase (S)trength, (I)ntelligence, or (D)exterity?
You feel agile. x2
You slash the goblin!
You kill the goblin!
No target in view!
No target in view!
No target in view!
No target in view!
No target in view!
HP restored.
Done exploring.
You climb downwards.
There is a stone staircase leading up here.
There are monsters nearby!
There are monsters nearby!
You completely miss the goblin. The goblin hits you but does no damage.
The goblin barely misses you.
You barely miss the goblin. The goblin hits you with a +0 dagger.
The goblin hits you with a +0 club.
You hit the goblin.
You kill the goblin!
The goblin hits you but does no damage.
You completely miss the goblin. The goblin barely misses you.
A goblin comes into view. It is wielding a +0 dagger.
The goblin misses you.
The goblin shouts!
You slash the goblin!
You kill the goblin!
A goblin comes into view. It is wielding a +0 dagger.
Things that are here:
a +0 club; 11 gold pieces You closely miss the goblin.
A goblin comes into view. It is wielding a +0 club.
The goblin hits you but does no damage.
You barely miss the goblin.
The goblin shouts!
You hear a shout! x2
The goblin hits you with a +0 dagger.
A hobgoblin comes into view.
The goblin hits you but does no damage.
You hit the goblin but do no damage.
The goblin hits you with a +0 dagger. x2
You miss the goblin. The goblin closely misses you. x2
You completely miss the goblin. The goblin hits you but does no damage.
The goblin hits you with a +0 dagger.
You hit the goblin.
You kill the goblin!
The goblin closely misses you.
You closely miss the hobgoblin. The hobgoblin barely misses you.
The goblin hits you but does no damage.
You closely miss the hobgoblin. The hobgoblin hits you.
A goblin comes into view. It is wielding a +0 dagger.
The goblin hits you but does no damage.
You are too injured to fight recklessly!
You are too injured to fight recklessly!
You are too injured to fight recklessly!
You are too injured to fight recklessly!
There are monsters nearby!
There are monsters nearby!
There are monsters nearby!
There is a stone staircase leading up here.
The hobgoblin hits you.
You climb upwards.
There is a stone staircase leading down, spattered with blood here.
You are too injured to fight recklessly!
You are too injured to fight recklessly!
You are too injured to fight recklessly!
You are too injured to fight recklessly!
You are too injured to fight recklessly!
You are too injured to fight recklessly!
You are too injured to fight recklessly!
You are too injured to fight recklessly!
You are too injured to fight recklessly!
You are too injured to fight recklessly!
You hit the hobgoblin.
You kill the hobgoblin!
You start resting.
HP restored.
There is a stone staircase leading down, spattered with blood here.
There is a stone staircase leading down here.
You climb downwards.
Robin shouts!
The gnoll shouts! x2; You hear a shout! x2
A goblin comes into view. It is wielding a +0 dagger.
There is a stone staircase leading up here.
There are monsters nearby!
There are monsters nearby!
There are monsters nearby!
The gnoll hits you with a +0 flail.
The gnoll hits you from afar with a +3 spear!
You climb upwards.
There is a stone staircase leading down here.
You are too injured to fight recklessly!
You are too injured to fight recklessly!
You are too injured to fight recklessly!
You are too injured to fight recklessly!
You are too injured to fight recklessly!
You are too injured to fight recklessly!
You are too injured to fight recklessly!
You are too injured to fight recklessly!
You are too injured to fight recklessly!
You are too injured to fight recklessly!
You are too injured to fight recklessly!
You are too injured to fight recklessly!
You completely miss the gnoll. The gnoll hits you with a +0 flail.
* * * LOW HITPOINT WARNING * * *
You hit the gnoll.
The gnoll is moderately wounded.
The gnoll hits you with a +0 flail.
* * * LOW HITPOINT WARNING * * *
You hit the gnoll.
The gnoll is severely wounded.
The gnoll hits you but does no damage. The gnoll hits you with a +0 flail.
* * * LOW HITPOINT WARNING * * *
You closely miss the gnoll.
The gnoll is severely wounded.
The gnoll barely misses you.
You hit the gnoll.
The gnoll is almost dead.
The gnoll closely misses you.
You hit the gnoll.
You kill the gnoll!
Your Long Blades skill increases to level 4!
You see here a +0 flail.
You start resting.
HP restored.
There is a stone staircase leading down here.
You climb downwards.
Level annotation: Robin
Found a rapier.
There is a stone staircase leading up here.
You see here a +0 rapier.
Found a stone staircase leading down.
A goblin comes into view. It is wielding a +0 club.
The goblin shouts!
There are monsters nearby!
A goblin comes into view. It is wielding a +0 club.
Robin throws the goblin at you! The goblin hits you but does no damage.
The goblin hits you but does no damage. Robin throws the goblin at you!
The goblin closely misses you. The goblin attacks as you move away!
The goblin barely misses you. The goblin attacks as you move away!
The goblin closely misses you. The goblin attacks as you move away!
The goblin misses you.
You see here a +0 rapier.
You hit the goblin.
The goblin is moderately wounded.
The goblin hits you with a +0 dagger.
You completely miss the goblin.
The goblin is moderately wounded.
The goblin hits you but does no damage.
You hit the goblin but do no damage.
The goblin is moderately wounded.
The goblin hits you but does no damage.
You barely miss the goblin.
The goblin is moderately wounded.
The goblin barely misses you.
You closely miss the goblin.
The goblin is moderately wounded.
Robin throws the goblin at you! The goblin hits you but does no damage.
The goblin hits you with a +0 dagger.
You barely miss the goblin.
The goblin is moderately wounded.
The goblin hits you with a +0 dagger. x2
You are too injured to fight recklessly!
You are too injured to fight recklessly!
You are too injured to fight recklessly!
You are too injured to fight recklessly!
You are too injured to fight recklessly!
You are too injured to fight recklessly!
You are too injured to fight recklessly!
You are too injured to fight recklessly!
You are too injured to fight recklessly!
You are too injured to fight recklessly!
You are too injured to fight recklessly!
The goblin attacks as you move away!
The goblin hits you but does no damage. x2
The goblin hits you but does no damage.
There is a stone staircase leading up here.
You can't go down here!
Robin roars a battlecry!
The goblins go into a battle-frenzy!
The goblin closely misses you.
You climb upwards.
There is a stone staircase leading down here.
You barely miss the goblin.
The goblin is moderately wounded.
The goblin closely misses you. The goblin hits you but does no damage.
The goblin closely misses you. The goblin hits you with a +0 dagger.
You hit the goblin.
You kill the goblin!
The goblin hits you with a +0 dagger.
You see here a +0 dagger.
You hit the goblin but do no damage. The goblin hits you but does no damage.
You closely miss the goblin. The goblin hits you but does no damage.
You hit the goblin.
You kill the goblin!
There is a stone staircase leading down, spattered with blood here.
You see here a +0 dagger.
You start resting.
HP restored.
There is a stone staircase leading down, spattered with blood here.
You see here a +0 dagger.
You see here a +0 dagger.
There is a stone staircase leading down, spattered with blood here.
You climb downwards.
Level annotation: Robin
There is a stone staircase leading up, spattered with blood here.
There are no items here.
The gnoll shouts!
Robin throws the goblin at you! The goblin hits you but does no damage.
You climb upwards.
There is a stone staircase leading down, spattered with blood here.
There is a stone staircase leading down, spattered with blood here.
You climb downwards.
Level annotation: Robin
There is a stone staircase leading up, spattered with blood here.
Press: ? - help, v - describe, . - travel
Here: a gnoll, wielding a +3 spear The floor.
Unknown command.
Unknown command.
Unknown command.
The gnoll closely misses you.
You climb upwards.
There is a stone staircase leading down, spattered with blood here.
You see here a +0 dagger.
There is a stone staircase leading down, spattered with blood here.
You see here a +0 dagger.
You climb downwards.
Level annotation: Robin The goblin misses you.
There is a stone staircase leading up here.
You closely miss the goblin. The goblin barely misses you.
You hit the goblin.
The goblin is severely wounded.
Robin says, "Bow before me, strongest of all the hobgoblins!"
The goblin hits you but does no damage.
You slash the goblin!
You kill the goblin!
Robin laughs in a distinctly smug fashion.
Robin roars a battlecry!
Things that are here:
a +0 club; a goblin corpse Robin says, "Duck!"
You see here a +0 rapier.
You hit Robin but do no damage. Robin hits you but does no damage.
You hit Robin.
Robin is moderately wounded.
Robin hits you but does no damage.
You hit Robin but do no damage.
Robin is moderately wounded.
Robin hits you but does no damage. Robin hits you with a +0 short sword.
You barely miss Robin.
Robin is moderately wounded.
Robin throws the goblin at you! The goblin closely misses you.
You hit Robin.
Robin is moderately wounded.
Robin hits you with a +0 short sword. The goblin hits you with a +0 club.
You are too injured to fight recklessly!
You are too injured to fight recklessly!
You are too injured to fight recklessly!
You are too injured to fight recklessly!
You are too injured to fight recklessly!
You are too injured to fight recklessly!
You are too injured to fight recklessly!
You are too injured to fight recklessly!
You are too injured to fight recklessly!
The goblin hits you but does no damage. Robin attacks as you move away!
Robin hits you with a +0 short sword. The goblin barely misses you.
There is a stone staircase leading up here.
Robin hits you but does no damage. The goblin closely misses you.
You climb upwards.
There is a stone staircase leading down, spattered with blood here.
You see here a +0 dagger.
Robin throws the goblin at you!
You see here a +0 dagger.
You are too injured to fight recklessly!
You are too injured to fight recklessly!
You are too injured to fight recklessly!
You are too injured to fight recklessly!
You are too injured to fight recklessly!
You are too injured to fight recklessly!
You are too injured to fight recklessly!
You are too injured to fight recklessly!
You are too injured to fight recklessly!
You are too injured to fight recklessly!
You are too injured to fight recklessly!
You hit the goblin.
You kill the goblin!
You see here a +0 club.
You hit Robin.
Robin is heavily wounded.
Robin misses you.
You barely miss Robin.
Robin is moderately wounded.
Robin hits you with a +0 short sword.
You barely miss Robin.
Robin is moderately wounded.
Robin hits you but does no damage.
You hit Robin but do no damage.
Robin is moderately wounded.
Robin hits you but does no damage.
You hit Robin.
Robin is heavily wounded.
Robin barely misses you.
You slash Robin!
Robin is almost dead.
Robin hits you but does no damage.
You hit Robin but do no damage.
Robin is almost dead.
Robin barely misses you.
You hit Robin.
You kill Robin!
Items here: )) [[.
There is a stone staircase leading down, spattered with blood here.
You see here a +0 dagger.
Items here: )) [[.
Okay, then.
HP restored.
Done exploring.
Done exploring.
Done exploring.
(D) Dungeon
Where to? (Enter - D:1 @ (x,y), ? - help)
There is a stone staircase leading down, spattered with blood here.
You see here a +0 dagger.
You climb downwards.
The goblin hits you with a +0 dagger.
There is a stone staircase leading up here.
You barely miss the goblin. The goblin hits you with a +0 dagger.
The goblin barely misses you.
You closely miss the goblin. The goblin barely misses you.
The goblin hits you but does no damage.
You hit the goblin.
You kill the goblin!
The goblin barely misses you. The goblin hits you but does no damage.
You hit the goblin.
The goblin is severely wounded.
The goblin hits you with a +0 dagger.
You closely miss the goblin.
The goblin is severely wounded.
The goblin hits you with a +0 dagger.
You barely miss the goblin.
The goblin is severely wounded.
The goblin closely misses you.
You hit the goblin.
You kill the goblin!
No target in view!
No target in view!
No target in view!
No target in view!
No target in view!
A gnoll is nearby!
A gnoll is nearby!
A gnoll is nearby!
A gnoll is nearby!
A gnoll is nearby!
The gnoll shouts!
The gnoll hits you from afar with a +0 spear.
The gnoll hits you with a +0 spear.
You hit the gnoll.
The gnoll is moderately wounded.
The gnoll hits you with a +0 spear.
You closely miss the gnoll.
The gnoll is moderately wounded.
The gnoll misses you.
You completely miss the gnoll.
The gnoll is moderately wounded.
The gnoll closely misses you.
You hit the gnoll.
The gnoll is heavily wounded.
The gnoll barely misses you.
You hit the gnoll but do no damage.
The gnoll is heavily wounded.
The gnoll hits you with a +0 spear.
You closely miss the gnoll.
The gnoll is heavily wounded.
The gnoll hits you with a +0 spear!
* * * LOW HITPOINT WARNING * * *
You are too injured to fight recklessly!
You are too injured to fight recklessly!
You are too injured to fight recklessly!
You are too injured to fight recklessly!
You are too injured to fight recklessly!
You are too injured to fight recklessly!
You barely miss the gnoll.
The gnoll is heavily wounded.
The gnoll hits you with a +0 spear.
* * * LOW HITPOINT WARNING * * *
You hit the gnoll but do no damage.
The gnoll is heavily wounded.
The gnoll barely misses you.
You hit the gnoll.
The gnoll is severely wounded.
The gnoll misses you.
You hit the gnoll.
You kill the gnoll!
You have reached level 4!
You feel clever.
Your demonic ancestry asserts itself...
Sharp spines emerge from parts of your body.
You start resting.
A gnoll is nearby!
There is a stone staircase leading up here.
You climb upwards.
There is a stone staircase leading down, spattered with blood here.
You see here a +0 dagger.
You start resting.
HP restored.
You climb downwards.
The gnoll shouts!
The gnoll hits you from afar with a +3 spear.
The gnoll hits you from afar with a +3 spear!
There is a stone staircase leading up here.
The gnoll is struck by your spines. The gnoll barely misses you.
You closely miss the gnoll.
The gnoll is moderately wounded.
The gnoll is struck by your spines. The gnoll barely misses you.
You hit the gnoll.
The gnoll is almost dead.
The gnoll hits you with a +3 spear.
You slash the gnoll!
You kill the gnoll!
No target in view!
No target in view!
No target in view!
No target in view!
No target in view!
No target in view!
No target in view!
No target in view!
No target in view!
HP restored.
Things that are here:
a +3 spear; a gnoll corpse You now have 36 gold pieces (gained 8).
i - a fizzy golden potion
j - a sapphire potion No target in view!
No target in view!
No target in view!
No target in view!
No target in view!
No target in view!
No target in view!
No target in view!
No target in view!
There is a stone staircase leading up, spattered with blood here.
You now have 47 gold pieces (gained 11).
You see here a +0 club.
Found a stone staircase leading down.
k - a brown potion
l - a dark potion
There is a stone staircase leading down here.
You now have 59 gold pieces (gained 12).
You pick up a book of Changes and begin reading...
You add the spells Beastly Appendage, Wereblood and Spider Form to your library.
You now have 71 gold pieces (gained 12).
No target in view!
No target in view!
No target in view!
No target in view!
You now have 88 gold pieces (gained 17).
You see here a +0 spear.
Things that are here:
a +0 club; a +0 club; a goblin skeleton An endoplasm comes into view.
An endoplasm is nearby!
An endoplasm is nearby!
Found a scroll labelled KOKAER VUANUU.
The endoplasm quivers.
The endoplasm is struck by your spines. The endoplasm hits you.
You slash the endoplasm!
You kill the endoplasm!
No target in view!
No target in view!
No target in view!
No target in view!
No target in view!
No target in view!
No target in view!
No target in view!
No target in view!
h - 2 scrolls labelled KOKAER VUANUU (gained 1)
You now have 94 gold pieces (gained 6).
m - a scroll labelled NUDOUK SERCHE
Found a stone staircase leading down.
You open the door.
There is an open door here.
h - 3 scrolls labelled KOKAER VUANUU (gained 1)
You open the door.
There is an open door here.
An endoplasm comes into view.
The endoplasm quivers.
You hit the endoplasm.
The endoplasm is almost dead.
The endoplasm freezes you.
You are frozen.
You hit the endoplasm but do no damage.
The endoplasm is almost dead.
The endoplasm freezes you.
You are frozen.
You hit the endoplasm.
You kill the endoplasm!
No target in view!
No target in view!
No target in view!
No target in view!
n - a scroll labelled FELASE PYONG You see here a +0 dagger.
You see here a +0 dagger.
You see here a +0 rapier.
A dart slug comes into view.
The dart slug is struck by your spines. The dart slug misses you.
You slash the dart slug!
You kill the dart slug!
No target in view!
No target in view!
No target in view!
No target in view!
No target in view!
No target in view!
No target in view!
No target in view!
No target in view!
You see here a dart slug corpse.
Found a chain mail.
A frilled lizard comes into view.
You see here a +0 chain mail.
The frilled lizard hisses angrily.
You barely miss the frilled lizard.
The frilled lizard is struck by your spines.
You kill the frilled lizard!
No target in view!
No target in view!
No target in view!
No target in view!
No target in view!
No target in view!
No target in view!
No target in view!
No target in view!
You see here a +0 dagger.
There is a stone staircase leading up here.
You see here a +3 spear.
Done exploring.
No target in view!
No target in view!
No target in view!
No target in view!
No target in view!
No target in view!
No target in view!
Done exploring.
Done exploring.
(D) Dungeon
Where to? (Enter - D:2, ? - help)
Things that are here:
a +0 club; a +0 club You see here a +0 rapier.
There is a stone staircase leading down here.
You climb downwards.
The goblin shouts!
Found a scroll labelled NUDOUK SERCHE and 11 gold pieces.
Found an escape hatch in the floor.
There is a stone staircase leading up here.
A goblin is nearby!
A goblin is nearby!
A goblin is nearby!
A goblin is nearby!
Found a tower shield.
A quokka comes into view.
You closely miss the goblin. The goblin is struck by your spines.
The goblin closely misses you.
You slash the goblin!
You kill the goblin!
Found 12 gold pieces.
The quokka bites you.
You slash the quokka!
You kill the quokka!
No target in view!
No target in view!
No target in view!
No target in view!
HP restored.
You now have 105 gold pieces (gained 11).
There is an escape hatch in the floor here.
Found a leather armour.
m - 2 scrolls labelled NUDOUK SERCHE (gained 1) No target in view!
No target in view!
No target in view!
No target in view!
No target in view!
No target in view!
No target in view!
No target in view!
No target in view!
You now have 117 gold pieces (gained 12).
o - a smoky coppery potion A rat comes into view.
You slash the rat!
You kill the rat!
No target in view!
No target in view!
No target in view!
No target in view!
No target in view!
No target in view!
No target in view!
No target in view!
No target in view!
You see here a rat corpse.
p - a scroll labelled TURICZOIDD You now have 127 gold pieces (gained 10).
You sense a monster nearby.
q - a +0 pair of gloves No target in view!
No target in view!
No target in view!
No target in view!
You start putting on your armour.
You continue putting on your +0 pair of gloves. x4
You finish putting on your +0 pair of gloves.
A rat comes into view.
Found an escape hatch in the ceiling.
A rat is nearby!
A rat is nearby!
The rat is struck by your spines.
You kill the rat!
No target in view!
No target in view!
No target in view!
No target in view!
No target in view!
No target in view!
No target in view!
No target in view!
No target in view!
No target in view!
You sense a monster nearby.
A hobgoblin comes into view.
The hobgoblin shouts!
A hobgoblin is nearby!
You closely miss the hobgoblin. The hobgoblin is struck by your spines.
The hobgoblin hits you.
You closely miss the hobgoblin.
The hobgoblin is almost dead.
The hobgoblin is struck by your spines.
You kill the hobgoblin!
No target in view!
No target in view!
No target in view!
No target in view!
No target in view!
No target in view!
No target in view!
No target in view!
A rat comes into view.
A rat is nearby!
A rat is nearby!
You closely miss the rat. The rat is struck by your spines.
You kill the rat!
No target in view!
No target in view!
No target in view!
No target in view!
No target in view!
No target in view!
No target in view!
You now have 131 gold pieces (gained 4).
Found a stone staircase leading down.
There is a stone staircase leading down here.
There is a stone staircase leading down here.
A bat comes into view.
The bat is struck by your spines.
You kill the bat!
You see here a bat corpse.
Grinder comes into view.
Grinder is nearby!
You aren't carrying any items that you can evoke.
Unknown command.
Found 3 gold pieces.
Grinder blinks!
Grinder blinks!
No target in view!
No target in view!
No target in view!
No target in view!
No target in view!
No target in view!
No target in view!
No target in view!
No target in view!
No target in view!
No target in view!
No target in view!
No target in view!
No target in view!
No target in view!
No target in view!
No target in view!
No target in view!
No target in view!
Grinder is nearby!
Grinder gestures at you.
You barely resist. You hit Grinder.
Grinder is lightly wounded.
Grinder is struck by your spines. Grinder hits you.
You writhe in agony.
You hit Grinder. Your punch misses Grinder.
Grinder is lightly wounded.
Grinder gestures at you. Pain shoots through your body!
You are too injured to fight recklessly!
You are too injured to fight recklessly!
You are too injured to fight recklessly!
You are too injured to fight recklessly!
You are too injured to fight recklessly!
You are too injured to fight recklessly!
You are too injured to fight recklessly!
You are too injured to fight recklessly!
You are too injured to fight recklessly!
You are too injured to fight recklessly!
You are too injured to fight recklessly!
You are too injured to fight recklessly!
You are too injured to fight recklessly!
You are too injured to fight recklessly!
You are too injured to fight recklessly!
You are too injured to fight recklessly!
You are too injured to fight recklessly!
You are too injured to fight recklessly!
You are too injured to fight recklessly!
You are too injured to fight recklessly!
You slash Grinder!
Grinder is heavily wounded.
Grinder gestures at you.
You barely resist. You hit Grinder but do no damage.
Grinder is heavily wounded.
Grinder blinks!
You hit Grinder but do no damage.
Grinder is moderately wounded.
Grinder barely misses you.
You hit Grinder.
Grinder is heavily wounded.
Grinder gestures at you.
You barely resist. You closely miss Grinder.
Grinder is heavily wounded.
Grinder hits you!
* * * LOW HITPOINT WARNING * * *
You writhe in agony.
* * * LOW HITPOINT WARNING * * *
Grinder hits you.
* * * LOW HITPOINT WARNING * * *
You writhe in agony.
* * * LOW HITPOINT WARNING * * *
You hit Grinder.
Grinder is heavily wounded.
Grinder is struck by your spines. Grinder hits you.
* * * LOW HITPOINT WARNING * * *
You writhe in agony.
You die...

# #. ## #.. .. ...
.. .. #..... #.####
#..... #.5@$####
#.....
####....#######.....
####......##.....
######..#.....
##†#..... #.......
########.##.
.........##
########.##


You could see Grinder.

Vanquished Creatures
  Robin (D:1)
  3 gnolls
  An adder (D:1)
  3 dart slugs
  2 ball pythons (D:1)
  4 endoplasms
  12 goblins
  3 hobgoblins
  2 quokkas
  3 bats
  3 frilled lizards
  4 rats
41 creatures vanquished.

Notes
Turn   | Place    | Note
-------+----------+-------------------------------------------
     0 | D:1      | sleeves the Demonspawn Monk began the quest for the Orb.
     0 | D:1      | Reached XP level 1. HP: 18/18 MP: 1/1
    46 | D:1      | Found Orghunerej's General Store.
    51 | D:1      | Reached skill level 3 in Long Blades
   155 | D:1      | Found a faded altar of an unknown god.
   159 | D:1      | Gained mutation: You have a pair of small antennae on your
                  | head. [demonic ancestry]
   159 | D:1      | Reached XP level 2. HP: 24/24 MP: 2/2
   729 | D:1      | Reached XP level 3. HP: 24/29 MP: 3/3
   843 | D:2      | Noticed Robin
   846 | D:1      | HP: 12/29 [gnoll/+0 flail (3)]
   852 | D:1      | Reached skill level 4 in Long Blades
  1133 | D:1      | Killed Robin
  1208 | D:2      | HP: 13/29 [gnoll/+0 spear (8)]
  1213 | D:2      | Gained mutation: You are partially covered in sharp spines.
                  | [demonic ancestry]
  1213 | D:2      | Reached XP level 4. HP: 10/35 MP: 4/4
  2257 | D:3      | Noticed Grinder
  2275 | D:3      | HP: 14/35 [Grinder (8)]
  2275 | D:3      | HP: 5/35 [Grinder (3)]
  2276 | D:3      | HP: 2/35 [Grinder (4)]
  2276 | D:3      | Slain by Grinder

Illustrated notes

Levels and vault maps discovered:
D:1:      wander_arrival_estate, layout_loops_ring, serial_shops, shop,
          hellmonk_ecumenical_altar_run_dry, minivault_23
D:2:      layout_loops_ring, kennysheep_generic_room_13, uniq_robin
D:3:      layout_basic, minivault_5, uniq_grinder

Skill      XL: |  1  2  3 |
---------------+----------+-----
Long Blades    | 3 4 |  4.8
Fighting       | |  3.0
Dodging        | |  2.6
Stealth        | |  1.7

Action                   |  1- 3 |  4- 6 || total
-------------------------+-------+-------++-------
Melee: Falchion          |   124 |    24 ||   148
       Punch             |     1 |       ||     1
 Stab: Sleeping          |     2 |       ||     2
Armor: Ring mail         |    54 |       ||    54
       Robe              |     1 |       ||     1
Dodge: Dodged            |    74 |     5 ||    79

Table legend: (Time is in decaauts)
 A = Elapsed time spent in this place.
 B = Non-inter-level travel time spent in this place.
 C = Inter-level travel time spent in this place.
 D = Time resting spent in this place.
 E = Time spent auto-exploring this place.
 F = Levels seen in this place.
 G = Mean time per level.
                   A        B        C        D        E       F      G
               +--------+--------+--------+--------+--------+-----+--------+
         Total |   2297 |   2121 |    176 |    263 |   1447 |   3 |  765.7 |
       Dungeon |   2297 |   2121 |    176 |    263 |   1447 |   3 |  765.7 |
               +--------+--------+--------+--------+--------+-----+--------+

Top non-repeatable levels by time:
     D:1: 1170 daAuts
     D:2: 876 daAuts
     D:3: 249 daAuts
